 Dungeon Crawl Stone Soup version 0.24.0-1-gfbc8707122 (webtiles) character file.

Game seed: 3584873706148917058, levelgen mode: deterministic

4933 Chiseanne the Gusty (level 10, -11/47 HPs)
             Began as an Octopode Air Elementalist on Oct 28, 2019.
             Was a Believer of Vehumet.
             Killed from afar by a wretched star (15 damage)
             ... with an orb of energy
             ... on level 2 of the Abyss.
             The game lasted 00:24:53 (10783 turns).

Chiseanne the Gusty (Octopode Air Elementalist)    Turns: 10783, Time: 00:24:53

Health: -11/47     AC:  3    Str: 12    XL:     10   Next: 52%
Magic:  15/15      EV: 16    Int: 17    God:    Vehumet [**....]
Gold:   688        SH:  0    Dex: 12    Spells: 4/21 levels left

rFire    . . .     SeeInvis .   a - +4 dagger (elec)
rCold    . . .     Gourm    .   (no shield)
rNeg     . . .     Faith    .   K - +2 hat
rPois    .         Spirit   .   (no amulet)
rElec    .         Reflect  .   y - +4 ring of strength
rCorr    .         Harm     .   (no ring)
MR       .....                  (no ring)
Stlth    ++++......             (no ring)
HPRegen  0.15/turn              (no ring)
MPRegen  0.14/turn              (no ring)
                                (no ring)
                                (no ring)

@: no status effects
A: almost no armour, stealthy swim, amphibious, 8 rings, constrict 8, camouflage
1, [blurry vision 2], [deterioration 2], [dopey 2], [frail 3], [low mp 2],
gelatinous body 1
a: Renounce Religion


You were on level 2 of the Abyss.
You worshipped Vehumet.
Vehumet was pleased with you.
You were not hungry.

You visited 2 branches of the dungeon, and saw 10 of its levels.
You visited the Abyss 1 time.
You also visited: Ossuary.

You collected 688 gold pieces.

Inventory:

Hand Weapons
 a - a +4 dagger of electrocution (weapon)
 c - a +0 dire flail of protection
 G - a +5 mace of freezing
 H - a +5 morningstar
 I - a +3 scimitar of flaming
Missiles
 d - 66 bolts
 g - 2 throwing nets (quivered)
 h - 223 arrows
 i - 5 silver javelins
 j - 17 poisoned darts
 k - 257 stones
 n - 73 sling bullets
 v - 2 curare-tipped darts
 z - 4 silver boomerangs
 F - 7 boomerangs
Armour
 K - a +2 hat (worn)
Jewellery
 r - an uncursed ring of fire
 y - a +4 ring of strength (left tentacle)
Wands
 x - a wand of scattershot (7)
 E - a wand of paralysis (21)
Scrolls
 l - 5 scrolls of remove curse
 m - 8 scrolls of identify
 p - a scroll of fear
 s - 2 scrolls of blinking
 u - a scroll of amnesia
 B - a scroll of magic mapping
 C - 3 scrolls of fog
 L - 3 scrolls of enchant armour
 M - a scroll of teleportation
 N - a scroll of immolation {unknown}
Potions
 e - 4 potions of brilliance
 f - 2 potions of might
 o - 2 potions of flight
 q - 3 potions of haste
 t - 5 potions of curing
 w - a potion of heal wounds
 A - 2 potions of degeneration {unknown}
 D - 2 potions of berserk rage {unknown}
Comestibles
 b - 18 rations
 J - 4 chunks of flesh


   Skills:
 * Level 6.0 Fighting
 * Level 6.5 Dodging
 - Level 6.1 Stealth
 * Level 6.0 Spellcasting
 * Level 6.2 Conjurations
 * Level 4.5 Summonings
 * Level 6.9 Air Magic


You had 4 spell levels left.
You knew the following spells:

 Your Spells              Type           Power        Failure   Level  Hunger
a - Shock                 Conj/Air       ####         1%          1    None
b - Swiftness             Chrm/Air       ###.....     4%          2    None
c - Static Discharge      Conj/Air       ####....     2%          3    ##.....
d - Airstrike             Air            ####......   8%          4    ####...
e - Summon Lightning Spi  Summ/Air       ###.....     12%         4    ####...
f - Mephitic Cloud        Conj/Pois/Air  ###.....     6%          3    ##.....

Your spell library contained the following spells:

 Spells                   Type           Power        Failure   Level  Hunger
 Throw Flame              Conj/Fire      ###...       5%          2    None
 Magic Dart               Conj           ####         1%          1    None
 Summon Small Mammal      Summ           ###.         1%          1    None
 Call Imp                 Summ           ###.....     3%          2    None
 Call Canine Familiar     Summ           ###.....     6%          3    ##.....
 Conjure Flame            Conj/Fire      ###.....     11%         3    ##.....
 Dazzling Spray           Conj/Hex       ###...       11%         3    ##.....
 Corona                   Hex            #......      13%         1    None
 Summon Guardian Golem    Hex/Summ       ##......     16%         3    ##.....
 Blink                    Tloc           N/A          19%         2    None
 Ensorcelled Hibernation  Hex/Ice        #.....       19%         2    None
 Slow                     Hex            #.......     19%         2    None
 Confuse                  Hex            #.......     36%         3    ##.....
 Tukima's Dance           Hex            #.......     36%         3    ##.....
 Summon Ice Beast         Ice/Summ       ##......     45%         4    ####...
 Lightning Bolt           Conj/Air       ####......   24%         5    #####..


Dungeon Overview and Level Annotations

Branches:
Dungeon (9/15)             Temple (1/1) D:4         Ossuary (visited)
   Lair: D:8-11         Orc: D:9-12

Altars:
Ashenzari
Cheibriados
Dithmenos
Elyvilon
Fedhas
Gozag
Hepliaklqana
Kikubaaqudgha
Makhleb
Nemelex Xobeh
Okawaru
Qazlal
Ru
Sif Muna
Trog
Uskayaw
Vehumet
Wu Jian
Yredelemnul
The Shining One

Annotations:
D:5 1 runed translucent door, beardedkeet's ghost, amateur MiBe
D:9 Erolcha


Innate Abilities, Weirdness & Mutations

You cannot wear most types of armour.
You are very stealthy in the water. (Stealth+)
You are amphibious.
You can wear up to eight rings at the same time.
You can use your tentacles to constrict eight enemies at once.
Your skin changes colour to match your surroundings (Stealth+).
Your rubbery body absorbs attacks. (AC +1, EV +1)
[Scrolls take you longer to read.]
[Your body often deteriorates upon taking damage.]
[You are very dopey. (Int -4)]
[You are extremely frail. (-30% HP)]
[Your magical capacity is very low. (-20% MP)]


Message History

The wretched star is lightly damaged.
You hit the wretched star but do no damage.
The wretched star is lightly damaged.
You hit the wretched star.
The wretched star is lightly damaged.
The wretched star pulses with an eldritch light!
You feel less energetic. x2; Your vision blurs. x2
You hit the wretched star but do no damage.
The wretched star is lightly damaged.
The wretched star glows turbulently.
The orb of energy hits you!!
* * * LOW HITPOINT WARNING * * *
The orb of energy explodes!
You hit the wretched star.
The wretched star is lightly damaged.
You barely miss the wretched star.
The wretched star is lightly damaged.
The wretched star glows turbulently.
The orb of energy hits you!
You die...

.. . . # . . ..
... .. #. . ..##
. .. . . . ## .#
# # # #.# # .##
.# . .# #.##.###
.. #.##.
###..##..##
#......#@........
#. .3.#*........
#.. .# ##..##..#
# . # .# ..# # ..
.. ....... #
..... ..... . #
## .##.)##. ≈. #
. # ... ## # .


You could see a wretched star.

Vanquished Creatures
  Pikel (D:8)
  Maurice (D:8)
  Joseph (D:8)
  A ynoxinul (Abyss:2)
  Menkaure (D:6)
  Edmund (D:5)
  An orc warrior (D:6)
  A sky beast (D:8)
  A slave (D:8)
  2 phantoms
  3 centaurs
  A big kobold (D:8)
  An elf zombie (Ossuary)
  4 bullfrogs
  A howler monkey (D:5)
  6 killer bees
  5 wights (D:8)
  2 crimson imps
  A bullfrog zombie (D:5)
  2 jellies
  3 hounds
  2 centaur zombies
  2 human zombies (Ossuary)
  2 orc priests (D:3)
  2 bullfrog skeletons
  An iron imp (Abyss:2)
  An orc wizard (D:8)
  Jessica (D:2)
  7 worker ants
  2 big kobold zombies (Ossuary)
  4 hound zombies
  3 mummies (Ossuary)
  A worker ant zombie (D:6)
  11 gnolls
  12 adders
  4 shadow imps (D:5)
  4 oozes
  4 adder zombies (Ossuary)
  4 adder skeletons
  6 worms
  A dart slug (D:1)
  4 leopard geckos
  15 orcs
  2 ball pythons
  3 giant cockroaches
  8 goblins
  8 hobgoblins
  6 jackals
  11 kobolds
  3 quokkas
  7 bats
  6 frilled lizards
  5 goblin zombies (Ossuary)
  4 hobgoblin zombies (Ossuary)
  4 jackal zombies (Ossuary)
  5 kobold zombies (Ossuary)
  An orc zombie (Ossuary)
  4 quokka zombies
  10 rats
  2 rat zombies (Ossuary)
222 creatures vanquished.

Vanquished Creatures (collateral kills)
  Erica (D:8)
  A hippogriff (D:9)
  An orc warrior (D:8)
  An ogre (D:8)
  A bullfrog (D:8)
  A wyvern zombie (D:8)
  A scorpion (D:8)
  4 killer bees (D:9)
  An orc wizard (D:8)
  A worker ant (D:8)
  A shadow imp (D:8)
  A leopard gecko (D:8)
  4 orcs (D:8)
19 creatures vanquished.

Vanquished Creatures (others)
  2 slaves (D:8)
  A centaur (D:8)
  A killer bee (D:8)
  A leopard gecko (D:8)
5 creatures vanquished.

Grand Total: 246 creatures vanquished

Notes
Turn   | Place    | Note
-------+----------+-------------------------------------------
     0 | D:1      | Chiseanne the Octopode Air Elementalist began the quest for
                  | the Orb.
     0 | D:1      | Reached XP level 1. HP: 11/11 MP: 3/3
   164 | D:1      | Reached XP level 2. HP: 18/18 MP: 1/5
  1019 | D:1      | Reached XP level 3. HP: 22/22 MP: 6/6
  1663 | D:2      | Reached skill level 1 in Fighting
  1663 | D:2      | Reached XP level 4. HP: 20/28 MP: 0/7
  2170 | D:2      | Noticed Jessica
  2184 | D:2      | Killed Jessica
  2184 | D:2      | Reached XP level 5. HP: 33/33 MP: 2/9
  2265 | D:2      | Found a hide-covered altar of Uskayaw.
  2985 | D:3      | Reached XP level 6. HP: 20/39 MP: 10/10
  3245 | D:3      | Found a basalt altar of Yredelemnul.
  4125 | D:4      | Learned a level 2 spell: Swiftness
  4129 | D:4      | Learned a level 3 spell: Static Discharge
  4134 | D:4      | Learned a level 4 spell: Airstrike
  4145 | D:4      | Reached XP level 7. HP: 45/45 MP: 10/12
  4438 | D:4      | Found a staircase to the Ecumenical Temple.
  4482 | D:4      | Reached skill level 5 in Stealth
  4816 | D:5      | Entered Level 5 of the Dungeon
  4833 | D:5      | Found an ornate altar of the Wu Jian Council.
  4903 | D:5      | Found a runed translucent door.
  4903 | D:5      | Noticed beardedkeet's ghost (amateur MiBe)
  4907 | D:5      | Noticed Edmund
  4937 | D:5      | Killed Edmund
  5021 | D:5      | Found a sand-covered staircase.
  5026 | Ossuary  | Entered an ossuary
  5256 | Ossuary  | Reached XP level 8. HP: 42/52 MP: 13/13
  5969 | D:5      | Reached skill level 5 in Air Magic
  6228 | D:5      | Found an ancient bone altar of Kikubaaqudgha.
  6228 | D:5      | Found a sacrificial altar of Ru.
  6229 | D:5      | Found a sparkling altar of Nemelex Xobeh.
  6491 | D:6      | Learned a level 4 spell: Summon Lightning Spire
  6622 | D:6      | Identified a scroll of acquirement
  6782 | D:6      | Reached skill level 1 in Summonings
  6968 | D:6      | Noticed Menkaure
  6976 | D:6      | Killed Menkaure
  7246 | D:6      | Reached XP level 9. HP: 43/58 MP: 14/16
  7603 | D:7      | Reached skill level 5 in Dodging
  7769 | D:7      | Learned a level 3 spell: Mephitic Cloud
  8129 | Temple   | Entered the Ecumenical Temple
  8181 | Temple   | Became a worshipper of Vehumet
  8458 | D:8      | Reached skill level 5 in Spellcasting
  8635 | D:8      | Noticed Pikel
  8648 | D:8      | Killed Pikel
  8648 | D:8      | Reached skill level 5 in Fighting
  8648 | D:8      | Reached skill level 5 in Conjurations
  8958 | D:8      | Reached * piety under Vehumet
  8958 | D:8      | Offered knowledge of Flame Tongue by Vehumet.
  9176 | D:8      | Noticed Erica
  9199 | D:8      | Killed Erica
  9199 | D:8      | Reached XP level 10. HP: 66/66 MP: 3/18
  9342 | D:8      | Noticed Maurice
  9381 | D:8      | Killed Maurice
  9927 | D:8      | Noticed Joseph
  9936 | D:8      | Killed Joseph
 10359 | D:9      | Offered knowledge of Throw Flame by Vehumet.
 10363 | D:9      | Reached ** piety under Vehumet
 10692 | D:9      | Noticed Erolcha
 10700 | D:9      | Cast into level 2 of the Abyss (Erolcha)
 10749 | Abyss:2  | Noticed a tentacled starspawn
 10751 | Abyss:2  | Noticed a wretched star
 10783 | Abyss:2  | Killed from afar by a wretched star

Levels and vault maps discovered:
D:1:      dpeg_arrival_rooms_with_view, layout_loops_ring
D:2:      layout_loops_ring, eat_drink_and_be_merry_uskayaw, hex_tiny,
          uniq_jessica
D:3:      layout_basic, old_standard_altar
D:4:      layout_rooms, minmay_temple_entry_antechambers, first_ration,
          chequers_serial_rivers_small_3
D:5:      layout_basic, kennysheep_little_box, gammafunk_temple_overflow_claw,
          enter_ossuary_2, hellmonk_ghost_happy_afterlife, uniq_edmund
D:6:      mumra_celtic_spiral_tile, layout_basic, minmay_misc_feat_hallway,
          uniq_menkaure
D:7:      layout_basic
D:8:      layout_loops_corners, uniq_pikel, uniq_erica, uniq_maurice,
          uniq_joseph
D:9:      layout_loops_corners, david_lair_shrubbed, basic_altar, uniq_erolcha
Temple:   kb_temple_of_zot
Abyss:2:  gammafunk_abyss_exit_x_factor

Skill      XL: |  1  2  3  4  5  6  7  8  9 10 |
---------------+-------------------------------+-----
Stealth        | 3 4 5 6 |  6.1
Fighting       | 1 2 3 4 5 6 |  6.0
Conjurations   | 2 3 4 5 6 |  6.2
Dodging        | 3 4 6 |  6.5
Spellcasting   | 3 4 5 6 |  6.0
Air Magic      | 4 5 6 |  6.9
Summonings     | 1 3 4 |  4.5

Action                   |  1- 3 |  4- 6 |  7- 9 | 10-12 || total
-------------------------+-------+-------+-------+-------++-------
Melee: Short sword       |     3 |       |       |       ||     3
       Constrict         |     6 |     8 |    54 |     6 ||    74
       Unarmed           |     2 |       |       |       ||     2
       Tentacles         |     2 |     2 |    31 |    12 ||    47
       Dagger            |    21 |    48 |   240 |    75 ||   384
       Mace              |       |       |       |     4 ||     4
 Cast: Shock             |    55 |   100 |    49 |    14 ||   218
       Mephitic Cloud    |       |       |     8 |    11 ||    19
       Summon Lightning  |       |       |     7 |     7 ||    14
Evoke: Wand              |       |       |     1 |       ||     1
  Use: Scroll            |     5 |     2 |    12 |       ||    19
       Potion            |       |     1 |     3 |       ||     4
 Stab: Sleeping          |     8 |     5 |    25 |     7 ||    45
       Confused          |       |       |       |     2 ||     2
  Eat: Chunk             |     3 |     7 |    10 |     7 ||    27
       Ration            |       |       |     2 |       ||     2
Armor: Skin              |     1 |     1 |     9 |     3 ||    14
Dodge: Dodged            |    15 |    36 |   143 |    60 ||   254
